 Dungeon Crawl Stone Soup version 0.24.1-8-ga250c9d538 (webtiles) character file.

Game seed: 18299783532201572073, levelgen mode: deterministic

56759 Gruesph the Severer (level 14, -2/141 HPs)
             Began as a Naga Fighter on May 7, 2020.
             Was the Champion of Cheibriados.
             Slain by a flying skull (7 damage)
             ... on level 2 of the Abyss.
             The game lasted 01:09:48 (26763 turns).

Gruesph the Severer (Naga Fighter)                 Turns: 26763, Time: 01:09:48

Health: -2/141     AC: 18    Str: 45    XL:     14   Next: 83%
Magic:  19/19      EV: 12    Int: 25    God:    Cheibriados [******]
Gold:   867        SH: 18    Dex: 28    Spells: 11/13 levels left

rFire    . . .     SeeInvis +   a - +4 war axe (flame)
rCold    + . .     Gourm    .   D - +0 shield
rNeg     . . .     Faith    .   B - +4 ring mail "Diubad" {rC+ Dex+3}
rPois    +         Spirit   .   G - +3 crown of Dyrovepreva {rElec Int+2 SInv}
rElec    +         Reflect  +   N - +0 cloak
rCorr    +         Harm     .   w - +1 pair of gloves
MR       +....                  (no barding)
Stlth    ++........             s - +3 amulet of reflection
HPRegen  0.00/turn              o - +5 ring of strength
MPRegen  0.16/turn              e - ring of resist corrosion

@: non-regenerating, mildly diseased, very slow
A: large, see invisible, deformed body, poison resistance, slowness 2, slow
metabolism 1, spit poison 1, constrict 1, AC +4
a: Spit Poison, Bend Time, Temporal Distortion, Slouch, Step From Time, Renounce
Religion


You were on level 2 of the Abyss.
You worshipped Cheibriados.
Cheibriados was exalted by your worship.
You were not hungry.

You visited 3 branches of the dungeon, and saw 18 of its levels.
You visited the Abyss 1 time.

You collected 1234 gold pieces.
You spent 367 gold pieces at shops.

Inventory:

Hand Weapons
 a - a +4 war axe of flaming (weapon)
Missiles
 i - 4 curare-tipped darts
 j - 632 stones (quivered)
 p - 21 poisoned darts
 F - a throwing net
Armour
 w - a +1 pair of gloves (worn)
 B - the +4 ring mail "Diubad" (worn) {rC+ Dex+3}
   (You found it on level 8 of the Dungeon)

   It affects your dexterity (+3).
   It protects you from cold.
 D - a +0 shield (worn)
 G - the +3 crown of Dyrovepreva (worn) {rElec Int+2 SInv}
   (You found it on level 6 of the Lair of Beasts)

   It affects your intelligence (+2).
   It insulates you from electricity.
   It lets you see invisible.
 N - a +0 cloak (worn)
Jewellery
 e - a ring of resist corrosion (right hand)
 o - a +5 ring of strength (left hand)
 s - a +3 amulet of reflection (around neck)
 Q - a +4 ring of protection {unknown}
Wands
 k - a wand of iceblast (13)
 v - a wand of paralysis (3)
 C - a wand of enslavement (10)
 P - a wand of flame (16)
Scrolls
 l - 4 scrolls of teleportation
 r - 2 scrolls of remove curse
 t - 3 scrolls of amnesia
 y - 3 scrolls of enchant weapon
 E - 3 scrolls of fog
 H - 3 scrolls of enchant armour
 I - 2 scrolls of holy word {unknown}
 M - a scroll of fear
 R - 3 scrolls of magic mapping
 S - a scroll of vulnerability {unknown}
 T - a scroll of immolation
Potions
 b - 2 potions of flight {unknown}
 c - 5 potions of curing
 d - 3 potions of might
 g - 3 potions of magic
 h - a potion of heal wounds
 m - a potion of resistance
 q - a potion of degeneration {unknown}
 u - 2 potions of brilliance {unknown}
 x - 6 potions of lignification
 z - a potion of cancellation {unknown}
 A - 2 potions of invisibility {unknown}
 J - a potion of agility
 L - 3 potions of mutation
 O - a potion of berserk rage {unknown}
Miscellaneous
 K - a sack of spiders
Comestibles
 f - 26 rations


   Skills:
 + Level 13.1 Fighting
 - Level 16.0 Axes
 - Level 5.2 Armour
 + Level 3.3 Dodging
 - Level 2.0 Stealth
 + Level 8.1 Shields
 - Level 3.1 Translocations
 + Level 7.5 Invocations
 - Level 5.0 Evocations


You had 11 spell levels left.
You knew the following spells:

 Your Spells              Type           Power        Failure   Level  Hunger
a - Blink                 Tloc           N/A          9%          2    ###....

Your spell library contained the following spells:

 Spells                   Type           Power        Failure   Level  Hunger
 Magic Dart               Conj           #...         21%         1    ##.....
 Summon Small Mammal      Summ           #...         21%         1    ##.....
 Call Imp                 Summ           #.......     30%         2    ###....
 Slow                     Hex            #.......     30%         2    ###....
 Call Canine Familiar     Summ           #.......     52%         3    ####...
 Conjure Flame            Conj/Fire      #.......     52%         3    ####...
 Mephitic Cloud           Conj/Pois/Air  #.......     52%         3    ####...
 Summon Guardian Golem    Hex/Summ       #.......     52%         3    ####...
 Cause Fear               Hex            #.........   89%         4    #####..
 Summon Ice Beast         Ice/Summ       #.......     89%         4    #####..
 Summon Lightning Spire   Summ/Air       #.......     89%         4    #####..
 Silence                  Hex/Air        #.........   99%         5    ######.
 Yara's Violent Unravell  Hex/Tmut       #.........   99%         5    ######.
 Deflect Missiles         Chrm/Air       #.........   100%        6    #######
 Discord                  Hex            #.........   100%        8    #######


Dungeon Overview and Level Annotations

Branches:
Dungeon (11/15)            Temple (1/1) D:5            Lair (6/6) D:8
  Swamp (0/4) Lair:2        Snake (0/4) Lair:2        Slime (0/5) Lair:6
    Orc: D:9-12

Altars:
Ashenzari
Cheibriados
Dithmenos
Elyvilon
Fedhas
Gozag
Hepliaklqana
Kikubaaqudgha
Makhleb
Nemelex Xobeh
Okawaru
Qazlal
Ru
Sif Muna
Trog
Uskayaw
Vehumet
Wu Jian
Xom
Yredelemnul
Zin
The Shining One
Beogh

Shops:
D:5 :   D:7 (

Annotations:
D:11 Nergalle


Innate Abilities, Weirdness & Mutations

You cannot wear boots.
Your serpentine skin is tough. (AC +4)
You have supernaturally acute eyesight. (SInv)
Armour fits poorly on your strangely shaped body.
Your system is resistant to poisons. (rPois)
You cover ground very slowly.
You have a slow metabolism.
You can spit poison.
You can use your snake-like lower body to constrict enemies.


Message History

You destroy the flying skull!
Cheibriados thoroughly appreciates the change of pace.
You constrict the flying skull, but do no damage.
The flying skull barely misses you.
The flying skull hits you but does no damage.
You hit the flying skull but do no damage.
You slash the flying skull! You hit the flying skull.
You constrict the flying skull! You block the flying skull's attack.
The flying skull hits you but does no damage.
The flying skull hits you!
* * * LOW HITPOINT WARNING * * *
You hit the flying skull.
The flying skull is severely damaged.
You miss the flying skull. You slash the flying skull!
You burn the flying skull.
You destroy the flying skull!
Cheibriados thoroughly appreciates the change of pace.
Cheibriados raises the support of your attributes as your movement slows.
The flying skull hits you!
You die...

.#.... .## ..
....####... # .
....#.#.. #.
....#.## #.
##..#...## #
... ##......#.#
.....#.zz.#...#
....[....@#..#
....#....#.# .
##.....#
##.##....# #..#
#..#..# #...#
.#.# # .....#
..## #...# ##.
..###... #.


You could see 2 flying skulls.

Vanquished Creatures
  2 tentacled starspawn (Abyss:2)
  A deep elf demonologist (Abyss:2)
  A dire elephant (Lair:6)
  Snorg (D:10)
  3 hydras
  An ice dragon (Lair:6)
  A catoblepas (Lair:6)
  3 death yaks (Lair:6)
  2 wretched stars (Abyss:2)
  A soul eater (Abyss:2)
  3 lindwurms (Lair:6)
  2 manticores (Lair:6)
  A worldbinder (Abyss:2)
  12 elephants
  3 large abominations (Abyss:2)
  A cyclops (D:11)
  3 black mambas
  Joseph (D:8)
  8 torpor snails
  2 smoke demons (Abyss:2)
  A centaur skeleton (D:10)
  10 spiny frogs
  A rime drake (Lair:1)
  2 komodo dragons
  A hellwing (Abyss:2)
  A polar bear (Lair:3)
  An ancient zyme (Abyss:2)
  A queen bee (D:9)
  A raiju (Abyss:2)
  3 tyrant leeches (Lair:6)
  Grinder (D:4)
  3 slime creatures (Lair:6)
  8 hornets
  28 blink frogs
  6 hippogriffs
  2 dream sheep (Lair:6)
  A wyvern (D:8)
  2 flying skulls (Abyss:2)
  6 starcursed masses (Abyss:2)
  33 yaks
  2 basilisks
  2 small abominations (Abyss:2)
  Grum (Lair:1)
  2 hungry ghosts
  4 vampire mosquitoes (Lair:2)
  7 nagas
  A soldier ant (D:7)
  An acid dragon (D:8)
  7 water moccasins
  5 porcupines
  2 ice beasts
  2 orc warriors (D:11)
  2 black bears
  3 sky beasts
  An ogre (D:9)
  A phantom (D:6)
  The ghost of releu the Grasshopper, an amateur CeWr (D:3)
  13 wolves
  6 centaurs
  16 crocodiles
  A gnoll sergeant (D:11)
  An earth elemental (Abyss:2)
  11 bullfrogs
  A wyvern zombie (D:9)
  6 scorpions
  28 killer bees
  3 wights (D:7)
  A howler monkey (D:8)
  A bullfrog zombie (D:6)
  6 crimson imps
  A quasit (D:10)
  Crazy Yiuf (D:2)
  11 hounds
  5 orc priests
  2 jellies
  A bullfrog skeleton (D:4)
  An iron imp (Abyss:2)
  5 iguanas
  11 orc wizards
  A hell rat (Lair:5)
  9 worker ants
  A killer bee zombie (D:7)
  A hound zombie (D:7)
  4 hound skeletons
  A howler monkey zombie (D:7)
  2 worker ant zombies
  13 gnolls
  2 howler monkey skeletons
  8 adders
  A shadow imp (D:10)
  2 adder zombies
  3 worms (D:2)
  2 leopard geckos
  59 orcs
  2 ball pythons
  6 giant cockroaches
  9 hobgoblins
  12 jackals
  9 kobolds
  4 quokkas
  8 bats
  4 frilled lizards
  6 goblins
  A quokka skeleton (D:9)
  4 rats
  3 butterflies (D:7)
  A fungus (Lair:1)
  2 plants
  5 starspawn tentacles (Abyss:2)
525 creatures vanquished.

Vanquished Creatures (collateral kills)
  A spiny frog (Lair:6)
  2 killer bees (D:9)
  A jelly (Lair:6)
4 creatures vanquished.

Vanquished Creatures (others)
  A torpor snail (Lair:6)
  2 centaurs
  2 bushes (Lair:2)
  30 fungi
  28 plants
  2 starspawn tentacles (Abyss:2)
65 creatures vanquished.

Grand Total: 594 creatures vanquished

Notes
Turn   | Place    | Note
-------+----------+-------------------------------------------
     0 | D:1      | Gruesph the Naga Fighter began the quest for the Orb.
     0 | D:1      | Reached XP level 1. HP: 21/21 MP: 1/1
   202 | D:1      | Reached XP level 2. HP: 8/28 MP: 2/2
   800 | D:2      | Found a shattered altar of Ashenzari.
   849 | D:2      | Found a runed translucent door.
   850 | D:2      | Noticed Crazy Yiuf
   886 | D:2      | Reached skill level 3 in Axes
   886 | D:2      | Reached XP level 3. HP: 34/34 MP: 3/3
  1290 | D:2      | Reached XP level 4. HP: 33/43 MP: 4/4
  2104 | D:2      | Found a faded altar of an unknown god.
  2517 | D:3      | Reached skill level 4 in Axes
  2812 | D:3      | Reached XP level 5. HP: 36/50 MP: 5/5
  3146 | D:3      | Found a runed translucent gate.
  3146 | D:3      | Noticed releu's ghost (amateur CeWr)
  3148 | D:3      | Found a runed translucent gate.
  3149 | D:3      | Found a runed translucent gate.
  3149 | D:3      | Found a roughly hewn altar of Beogh.
  3150 | D:3      | Identified the +7 chain mail "Mownoz" {+Blink rPois rN++
                  | Int-3}
  3435 | D:4      | Noticed Grinder
  4080 | D:4      | Reached skill level 5 in Axes
  4080 | D:4      | Reached XP level 6. HP: 25/58 MP: 6/6
  4459 | D:4      | Killed Grinder
  4459 | D:4      | Reached skill level 5 in Fighting
  4459 | D:4      | Reached skill level 6 in Axes
  4459 | D:4      | Reached XP level 7. HP: 47/67 MP: 7/7
  5180 | D:5      | Entered Level 5 of the Dungeon
  5260 | D:5      | Found a sparkling altar of Nemelex Xobeh.
  5287 | D:5      | Found Jituaz's Book Shop.
  5410 | D:5      | Found a staircase to the Ecumenical Temple.
  5419 | Temple   | Entered the Ecumenical Temple
  5707 | D:5      | Reached skill level 7 in Axes
  6039 | D:5      | Reached XP level 8. HP: 58/76 MP: 8/8
  6553 | D:6      | Reached skill level 8 in Axes
  7454 | D:6      | Reached skill level 9 in Axes
  7625 | D:7      | Reached XP level 9. HP: 70/86 MP: 9/9
  7829 | D:7      | Found Zounyz Qeragg's Weapon Shoppe.
  7939 | D:7      | Reached skill level 10 in Axes
  8291 | D:7      | Found a runed translucent door.
  8292 | D:7      | Found a runed translucent door.
  9451 | D:8      | Reached skill level 11 in Axes
  9511 | D:8      | Noticed Joseph
  9526 | D:8      | Killed Joseph
  9526 | D:8      | Reached XP level 10. HP: 53/98 MP: 10/10
  9913 | D:8      | Got a shimmering ring mail
  9934 | D:8      | Identified the +4 ring mail "Diubad" {rC+ Dex+3} (You found
                  | it on level 8 of the Dungeon)
 10335 | D:8      | Found a staircase to the Lair.
 10724 | D:9      | Reached skill level 1 in Stealth
 10776 | D:9      | Reached skill level 12 in Axes
 10785 | D:9      | Reached skill level 1 in Evocations
 11793 | D:9      | Found a hazy altar of Hepliaklqana.
 11942 | D:9      | Found a snail-covered altar of Cheibriados.
 11950 | D:9      | Became a worshipper of Cheibriados the Contemplative
 11956 | D:9      | Reached skill level 13 in Axes
 12119 | D:9      | Reached XP level 11. HP: 98/106 MP: 13/13
 12476 | Lair:1   | Entered Level 1 of the Lair of Beasts
 12625 | Lair:1   | Reached * piety under Cheibriados
 13145 | Lair:1   | Reached skill level 5 in Evocations
 13318 | D:7      | Bought a +4 war axe of flaming for 367 gold pieces
 13708 | Lair:1   | Noticed Grum
 13718 | Lair:1   | Killed Grum
 13724 | Lair:1   | Reached ** piety under Cheibriados
 13724 | Lair:1   | Reached skill level 14 in Axes
 13724 | Lair:1   | Reached skill level 1 in Invocations
 13954 | Lair:1   | Found a snail-covered altar of Cheibriados.
 14391 | Lair:2   | Reached skill level 10 in Fighting
 14769 | Lair:2   | Reached XP level 12. HP: 104/116 MP: 15/15
 15161 | Lair:2   | Found a staircase to the Swamp.
 15164 | Lair:2   | Reached *** piety under Cheibriados
 16050 | Lair:2   | Found a staircase to the Snake Pit.
 16138 | Lair:2   | Reached skill level 15 in Axes
 16777 | Lair:2   | Reached skill level 5 in Invocations
 16781 | Lair:2   | Reached **** piety under Cheibriados
 17072 | Lair:2   | Learned a level 2 spell: Blink
 17450 | Lair:3   | Noticed an eight-headed hydra
 17455 | Lair:3   | Reached skill level 1 in Translocations
 17464 | Lair:3   | Killed a three-headed hydra
 17926 | Lair:3   | Gained mutation: You can use your snake-like lower body to
                  | constrict enemies. [Naga growth]
 17926 | Lair:3   | Reached XP level 13. HP: 40/127 MP: 16/16
 18678 | Lair:4   | Found a sparkling altar of Nemelex Xobeh.
 18985 | Lair:4   | Reached skill level 5 in Shields
 19966 | Lair:5   | Found the +6 Majin-Bo {vamp, Archmagi MP+6 Int+6}
 20330 | Lair:6   | Entered Level 6 of the Lair of Beasts
 20668 | Lair:6   | Reached skill level 16 in Axes
 20699 | Lair:6   | Reached ***** piety under Cheibriados
 20888 | Lair:6   | Noticed a dire elephant
 20905 | Lair:6   | Killed a dire elephant
 21134 | Lair:6   | Found the +3 crown of Dyrovepreva {rElec Int+2 SInv}
 21281 | Lair:6   | Reached XP level 14. HP: 24/138 MP: 17/17
 21701 | Lair:6   | Found a staircase to the Slime Pits.
 21837 | Lair:6   | Found a runed translucent door.
 21849 | Lair:6   | Reached skill level 5 in Armour
 23276 | Lair:6   | Found a staircase to the Slime Pits.
 24129 | D:2      | Killed Crazy Yiuf
 24231 | D:3      | Killed releu's ghost
 24449 | D:7      | Reached skill level 1 in Dodging
 24550 | D:10     | Entered Level 10 of the Dungeon
 24900 | D:10     | Noticed Snorg
 24912 | D:10     | Killed Snorg
 25942 | D:11     | Noticed Nergalle
 25948 | D:11     | Cast into level 2 of the Abyss (Nergalle)
 26014 | Abyss:2  | Noticed a tentacled starspawn
 26020 | Abyss:2  | Killed a tentacled starspawn
 26162 | Abyss:2  | Noticed a starcursed mass
 26164 | Abyss:2  | Noticed a starcursed mass
 26166 | Abyss:2  | Paralysed by accursed screaming for 1 turns
 26175 | Abyss:2  | Paralysed by accursed screaming for 2 turns
 26241 | Abyss:2  | Noticed a tentacled starspawn
 26248 | Abyss:2  | Killed a tentacled starspawn
 26289 | Abyss:2  | Noticed a starcursed mass
 26491 | Abyss:2  | Noticed a deep elf demonologist
 26502 | Abyss:2  | Killed a deep elf demonologist
 26762 | Abyss:2  | HP: 5/141 [flying skull (10)]
 26763 | Abyss:2  | Reached ****** piety under Cheibriados
 26763 | Abyss:2  | Slain by a flying skull

Levels and vault maps discovered:
D:1:      dpeg_arrival_tiny_a, layout_rooms
D:2:      layout_basic, evilmike_ruin_ashenzari,
          chequers_ecumenical_altar_lobes, minivault_19, uniq_crazy_yiuf_cottage
D:3:      layout_basic, biasface_ghost_orc_armoury, minmay_fractal_squares_5
D:4:      kennysheep_spiral_hall, layout_basic, first_ration,
          chequers_serial_rivers_small_3, uniq_grinder
D:5:      layout_gridville, nemelex_xobeh_ov_fountains_minmay,
          minmay_temple_entry_overgrown, serial_shops, kennysheep_little_box
D:6:      layout_loops_ring
D:7:      lemuel_insect_pit, layout_rooms, serial_shops, shop_statue
D:8:      layout_gridville, erik_lair_dragon, uniq_joseph
D:9:      layout_roguey, cheibriados_altar_1, lemuel_crystal_altar,
          david_nohive_1, kennysheep_generic_room_9
D:10:     layout_roguey, uniq_snorg
D:11:     layout_long_grid, ploomutoo_gammafunk_ghost_potion_laboratory,
          uniq_nergalle
Temple:   dpeg_five_rooms_temple
Lair:1:   layout_cave_pods, kennysheep_snail_temple, uniq_grum
Lair:2:   layout_cave_pods, minmay_swamp_entry_swarm,
          minmay_snake_entry_guardpost_large, wad_woods_road_02,
          grunt_megastairs_4
Lair:3:   layout_gridlike, nicolae_quartered_pool_little, grunt_megastairs_1
Lair:4:   layout_gridlike, basic_altar
Lair:5:   layout_misc_corridors, serial_bayou_pond_c
Lair:6:   wormcave, layout_regular_city, hangedman_lair_in_review,
          minmay_slime_entry_pillars
Abyss:2:  base: Lair:5, minivault_20

Skill      XL: |  1  2  3  4  5  6  7  8  9 10 11 12 13 14 |
---------------+-------------------------------------------+-----
Axes           | 3 4 5 6 7 9 11 13 14 15 16 | 16.0
Fighting       | 4 5 7 8 9 10 11 12 13 | 13.1
Stealth        | 2 |  2.0
Evocations     | 3 5 |  5.0
Invocations    | 3 5 7 |  7.5
Shields        | 4 6 8 |  8.1
Translocations | 2 3 |  3.1
Armour         | 4 5 |  5.2
Dodging        | 3 |  3.3

Action                   |  1- 3 |  4- 6 |  7- 9 | 10-12 | 13-15 || total
-------------------------+-------+-------+-------+-------+-------++-------
Melee: War axe           |   114 |   207 |   355 |   567 |   426 ||  1669
       Constrict         |       |       |       |       |    69 ||    69
Throw: Dart              |       |     7 |     1 |    14 |     1 ||    23
Invok: Temporal Distorti |       |       |       |     1 |       ||     1
       Slouch            |       |       |       |       |     3 ||     3
 Abil: Spit Poison       |       |       |       |       |     2 ||     2
Evoke: Wand              |       |       |     2 |     3 |     5 ||    10
       Sack of spiders   |       |       |       |       |     1 ||     1
  Use: Scroll            |       |     8 |     9 |     5 |     5 ||    27
       Potion            |       |     2 |     1 |     6 |     3 ||    12
 Stab: Paralysed         |       |       |       |     3 |       ||     3
       Distracted        |       |       |       |     2 |     3 ||     5
       Petrifying        |       |       |       |       |     1 ||     1
       Petrified         |       |       |       |       |     1 ||     1
  Eat: Chunk             |       |     6 |    11 |    11 |    12 ||    40
       Ration            |       |     1 |     1 |     2 |     2 ||     6
Armor: Scale mail        |    56 |     7 |       |       |       ||    63
       Ring mail         |       |    79 |   125 |   175 |   158 ||   537
       Skin              |       |       |       |    20 |       ||    20
Dodge: Dodged            |    24 |    55 |    71 |   112 |    93 ||   355
Block: Shield            |    58 |    88 |   250 |   425 |   352 ||  1173
       Reflection        |       |       |    10 |     9 |     8 ||    27
